 Dungeon Crawl Stone Soup version 0.31-a0-960-g0fca184906 (webtiles) character file.

Game seed: 15225882628524985720

225 p00ps00p the Trooper (level 6, -16/56 HPs)
             Began as a Hill Orc Fighter on Oct 24, 2023.
             Demolished by an ogre
             ... wielding a +0 giant club
              (29 damage)
             ... on level 3 of the Dungeon.
             The game lasted 00:02:42 (2163 turns).

p00ps00p the Trooper (Hill Orc Fighter)             Turns: 2163, Time: 00:02:43

Health: -16/56     AC:  8    Str: 21    XL:     6   Next: 1%
Magic:  6/6        EV:  9    Int:  8    God:
Gold:   136        SH:  4    Dex: 10    Spells: 5/5 levels left

rFire   . . .        a - +1 war axe
rCold   . . .        c - +0 buckler
rNeg    + . .        b - +0 scale mail
rPois   .            o - +0 helmet
rElec   .            (no cloak)
rCorr   .            (no gloves)
SInv    .            (no boots)
Will    .....        (no amulet) Stlth
                     j - ring of positive energy
HPRegen 0.29/turn    (no ring)
MPRegen 0.10/turn

%: no passive effects
@: no status effects
A: no striking features
a: no special abilities


You were on level 3 of the Dungeon.
You visited 1 branch of the dungeon, and saw 4 of its levels.

You collected 136 gold pieces.

Inventory:

Hand Weapons
 a - a +1 war axe (weapon)
Armour
 b - a +0 scale mail (worn)
 c - a +0 buckler (worn)
 o - a +0 helmet (worn)
Jewellery
 j - a ring of positive energy (left hand)
Scrolls
 e - a scroll of revelation
 l - a scroll of teleportation
 m - a scroll of brand weapon {unknown}
 n - a scroll of blinking {unknown}
 p - a scroll of enchant weapon
Potions
 d - a potion of might
 f - a potion of resistance
 g - 2 potions of curing
 h - a potion of brilliance
 i - a potion of berserk rage {unknown}
 k - a potion of haste {unknown}


   Skills:
 + Level 5.0 Fighting
 + Level 4.5 Axes
 + Level 4.5 Armour
 + Level 4.4 Shields


You had 5 spell levels left.
You didn't know any spells.
Your spell library contained the following spells:

 Spells                   Type           Power      Damage    Failure   Level
 Volatile Blastmotes      Fire/Tloc      0%         2d10      99%         3
 Fulminant Prism          Conj/Hex       0%         3d5       100%        4
 Iskenderun's Mystic Bla  Conj/Tloc      0%         2d3       100%        4


Dungeon Overview and Level Annotations

Branches:
Dungeon (4/15)
 Temple: D:4-7

Altars:
Nemelex Xobeh
Qazlal
Yredelemnul

Shops:
D:3 =


Message History

The ogre shouts!
The ogre moves out of view.
You slash the adder!
You kill the adder!
The hobgoblin barely misses you.
Your Fighting skill increases to level 5!
You have reached level 6!
The hobgoblin barely misses you.
The hobgoblin attacks as it pursues you!
The hobgoblin misses you.
Found 19 gold pieces.
You see here 15 gold pieces.
The ogre attacks as it pursues you! The ogre barely misses you.
There is a stone staircase leading up here.
The hobgoblin hits you.
You climb upwards.
There is a stone staircase leading down here.
You hit the ogre.
The ogre is lightly wounded.
You closely miss the hobgoblin. The ogre hits you with a +0 giant club!
The hobgoblin hits you but does no damage.
You hit the ogre.
The ogre is moderately wounded.
You closely miss the hobgoblin. The hobgoblin hits you.
The ogre hits you with a +0 giant club!!
Ouch! That really hurt!
* * * LOW HITPOINT WARNING * * *
You slash the ogre!
The ogre is almost dead.
You slash the hobgoblin!
You kill the hobgoblin!
The ogre barely misses you.
You barely miss the ogre.
The ogre is almost dead.
You completely miss the rat.
A rat comes into view.
The rat misses you.
The ogre hits you with a +0 giant club!!
Ouch! That really hurt!
You die...

...####.###).....#.##
..).###.....†.......#
##...#####.......#.####.#
##.............r........#
#...##.##....##.########
####>##.###.####.#
###.........# #.#
...####.##### #r# #.##
#.# #@# #.# #.# #O# #.#
#.# #.# ... #.# ... #.#
#... ..# #.## ###


You could see an ogre and 2 rats.

Vanquished Creatures
  A sleepcap (D:4)
  An iguana (D:3)
  Jessica (D:3)
  4 gnolls (D:2)
  5 adders
  2 worms
  2 dart slugs (D:1)
  A ball python (D:1)
  7 bats
  2 endoplasms
  A giant cockroach (D:2)
  5 goblins
  5 hobgoblins
  6 jackals
  5 kobolds
  A quokka (D:1)
  4 frilled lizards
  A rat (D:2)
54 creatures vanquished.

Notes
Turn   | Place    | Note
-------+----------+-------------------------------------------
     0 | D:1      | p00ps00p the Hill Orc Fighter began the quest for the Orb.
     0 | D:1      | Reached XP level 1. HP: 19/19 MP: 1/1
   152 | D:1      | Reached XP level 2. HP: 27/27 MP: 2/2
   898 | D:2      | Reached skill level 4 in Fighting
   898 | D:2      | Reached XP level 3. HP: 27/33 MP: 3/3
  1347 | D:2      | Reached XP level 4. HP: 36/40 MP: 4/4
  1636 | D:2      | Found a faded altar of an unknown god.
  1707 | D:3      | Reached XP level 5. HP: 46/47 MP: 5/5
  1804 | D:3      | Noticed Jessica
  1809 | D:3      | Killed Jessica
  1837 | D:3      | Found a sparkling altar of Nemelex Xobeh.
  1842 | D:3      | Found a basalt altar of Yredelemnul.
  1848 | D:3      | Found a stormy altar of Qazlal.
  1980 | D:3      | Found Kijoi's Jewellery Boutique.
  2094 | D:3      | You fall into a shaft and drop 1 floor!
  2151 | D:4      | Noticed an ogre
  2153 | D:4      | Reached skill level 5 in Fighting
  2153 | D:4      | Reached XP level 6. HP: 56/56 MP: 6/6
  2163 | D:3      | Demolished by an ogre

Illustrated notes

Levels and vault maps discovered:
D:1:      minmay_arrival_shoal_huts, layout_basic
D:2:      layout_loops_ring, dreamdust_ecumenical_altar_sealed_demon
D:3:      layout_loops_ring, minmay_overflow_temple_star_quad, serial_shops,
          nicolae_shop_waterfront, uniq_jessica
D:4:      layout_cave_pools, minmay_temple_entry_steel_oval,
          kennysheep_windowed_goal, uniq_crazy_yiuf_cottage, uniq_ijyb

Skill      XL: |  1  2  3  4  5 |
---------------+----------------+-----
Axes           | 3 4 |  4.5
Fighting       | 4 5 |  5.0
Armour         | 4 |  4.5
Shields        | 4 |  4.4

Action                     |  1- 3 |  4- 6 || total
---------------------------+-------+-------++-------
  Melee: War axe           |    82 |    89 ||   171
    Use: Scroll            |     4 |     4 ||     8
 Armour: Scale mail        |    67 |    60 ||   127
  Dodge: Dodged            |    48 |    49 ||    97
  Block: Buckler           |    24 |    20 ||    44

Table legend: (Time is in decaauts)
 A = Elapsed time spent in this place.
 B = Non-inter-level travel time spent in this place.
 C = Inter-level travel time spent in this place.
 D = Time resting spent in this place.
 E = Time spent auto-exploring this place.
 F = Levels seen in this place.
 G = Mean time per level.
                   A        B        C        D        E       F      G
               +--------+--------+--------+--------+--------+-----+--------+
         Total |   2227 |   2171 |     56 |      0 |   1746 |   4 |  556.8 |
       Dungeon |   2227 |   2171 |     56 |      0 |   1746 |   4 |  556.8 |
               +--------+--------+--------+--------+--------+-----+--------+

Top non-repeatable levels by time:
     D:1: 916 daAuts
     D:2: 808 daAuts
     D:3: 433 daAuts
     D:4: 69 daAuts
